 Dungeon Crawl Stone Soup version 0.23.2-1-ga50397a (webtiles) character file.

Game seed: 12747664754164914752

1015 Fang the Skirmisher (level 8, -6/51 HPs)
             Began as a Gargoyle Berserker on Apr 24, 2019.
             Was a Priest of Trog.
             Mangled by Sigmund
             ... wielding a +4 scythe of protection
              (10 damage)
             ... on level 4 of the Dungeon.
             The game lasted 00:03:29 (4907 turns).

Fang the Skirmisher (Gargoyle Berserker)            Turns: 4907, Time: 00:03:30

Health: -6/51      AC: 15    Str: 22    XL:     8   Next: 21%
Magic:  8/8        EV:  9    Int:  9    God:    Trog [***...]
Gold:   137        SH:  0    Dex:  9    Spells: 7/7 levels left

rFire    . . .     SeeInvis .   a - +0 hand axe
rCold    . . .     Gourm    .   (no shield)
rNeg     + . .     Faith    .   b - +0 chain mail
rPois    ∞         Spirit   .   (no helmet)
rElec    +         Reflect  .   (no cloak)
rCorr    .         Harm     .   (no gloves)
MR       .....                  (no boots)
Stlth    ..........             (no amulet)
HPRegen  0.17/turn              (no ring)
MPRegen  0.11/turn              (no ring)

@: confused
A: negative energy resistance 1, electricity resistance, unbreathing,
petrification resistance, rot immunity, AC +5
a: Berserk, Trog's Hand, Renounce Religion


You were on level 4 of the Dungeon.
You worshipped Trog.
Trog was most pleased with you.
You were near starving.

You visited 1 branch of the dungeon, and saw 4 of its levels.

You collected 137 gold pieces.

Inventory:

Hand Weapons
 a - a +0 hand axe (weapon)
Armour
 b - a +0 chain mail (worn)
Wands
 q - a wand of flame (22)
Scrolls
 d - 2 scrolls of remove curse {unknown}
 i - 2 scrolls of blinking {unknown}
 k - 4 scrolls of amnesia {unknown}
 n - 4 scrolls of identify {unknown}
 o - a scroll of magic mapping {unknown}
 p - 2 scrolls of fear {unknown}
 s - a scroll of enchant weapon {unknown}
 t - a scroll of immolation {unknown}
 v - a scroll of fog {unknown}
 w - a scroll of teleportation {unknown}
Potions
 e - a potion of invisibility {unknown}
 f - 2 potions of berserk rage {unknown}
 g - 4 potions of curing {unknown}
 h - a potion of brilliance {unknown}
 j - 2 potions of degeneration {unknown}
 l - a potion of ambrosia {unknown}
 m - a potion of resistance {unknown}
 r - a potion of might {unknown}
 u - a potion of lignification {unknown}
Comestibles
 c - 6 rations


   Skills:
 + Level 6.0 Fighting
 + Level 5.0 Axes
 + Level 5.4 Armour
 + Level 4.1 Dodging


You had 7 spell levels left.
You didn't know any spells.
Your spell library was empty.

Dungeon Overview and Level Annotations

Branches:
Dungeon (4/15)
 Temple: D:4-7

Altars:
Kikubaaqudgha
Okawaru
Ru
Trog
Xom

Annotations:
D:4 Sigmund


Innate Abilities, Weirdness & Mutations

You are resistant to torment.
Your stone body is resilient. (AC +5)
You are immune to poison.
You resist negative energy. (rN+)
You are resistant to electric shocks. (rElec)
You can survive without breathing.
You are immune to petrification.
You are immune to rotting.


Message History

Something tries to affect you, but you resist.
You miss something.
You hear some strange, mumbled words.
A magic dart appears from out of thin air!
The magic dart hits you but does no damage.
You miss something.
You hear some strange, mumbled words.
You are confused.
You hear some strange, mumbled words.
Something tries to affect you, but you resist.
You bump into the rock wall.
Something hits you but does no damage.
You hear some strange, mumbled words.
A magic dart appears from out of thin air!
The magic dart hits you.
* * * LOW HITPOINT WARNING * * *
You're too confused to move!
Something hits you.
* * * LOW HITPOINT WARNING * * *
You hit something but do no damage.
You bump into the rock wall.
Something hits you!
You die...

#.# #.........#.#
#.##
##.######...##
...## ##.##
##...## ###.###.##
#.....# ##....##
##...## ##.....##
###..## #.......##
##.#.##
.........####....#
.........+......@#
.........####...{#
#.......## ##....
##..)..## ##...#
##...## #...#
##'## ###.# #.# .#
####.### .#
.......#


There were no monsters in sight!

Vanquished Creatures
  Eustachio (D:4)
  A phantom (D:4)
  2 ogres
  Blork the orc (D:4)
  A bullfrog (D:3)
  2 hounds (D:4)
  An orc wizard (D:4)
  A centaur skeleton (D:4)
  Jessica (D:3)
  An iguana (D:4)
  Terence (D:2)
  4 worker ants
  4 gnolls (D:2)
  4 adders
  An ooze (D:3)
  3 worms (D:2)
  3 dart slugs (D:1)
  2 leopard geckos
  12 orcs
  5 bats
  3 giant cockroaches
  10 hobgoblins
  9 jackals
  6 kobolds
  3 quokkas
  5 frilled lizards
  11 goblins
  3 rats
101 creatures vanquished.

Notes
Turn   | Place    | Note
-------+----------+-------------------------------------------
     0 | D:1      | Fang the Gargoyle Berserker began the quest for the Orb.
     0 | D:1      | Reached XP level 1. HP: 14/14 MP: 1/1
   215 | D:1      | Reached XP level 2. HP: 19/19 MP: 2/2
   687 | D:1      | Reached XP level 3. HP: 21/23 MP: 3/3
   946 | D:1      | Reached ** piety under Trog
  1197 | D:2      | Reached XP level 4. HP: 16/29 MP: 4/4
  1511 | D:2      | Reached skill level 4 in Fighting
  1840 | D:2      | Reached XP level 5. HP: 27/33 MP: 5/5
  2391 | D:2      | Noticed Terence
  2410 | D:2      | Killed Terence
  2685 | D:3      | Found a sacrificial altar of Ru.
  2694 | D:3      | Reached *** piety under Trog
  2883 | D:3      | Reached XP level 6. HP: 34/39 MP: 6/6
  3021 | D:3      | Noticed Jessica
  3030 | D:3      | Killed Jessica
  3440 | D:4      | Noticed Eustachio
  3812 | D:4      | Reached skill level 5 in Fighting
  3823 | D:4      | Killed Eustachio
  3823 | D:4      | Reached XP level 7. HP: 44/44 MP: 7/7
  4120 | D:4      | Noticed Blork the orc
  4136 | D:4      | Killed Blork the orc
  4136 | D:4      | Reached skill level 5 in Armour
  4367 | D:4      | Reached XP level 8. HP: 31/51 MP: 8/8
  4723 | D:4      | Reached skill level 6 in Fighting
  4723 | D:4      | Reached skill level 5 in Axes
  4781 | D:4      | Found an iron altar of Okawaru.
  4783 | D:4      | Found a burning altar of Makhleb.
  4783 | D:4      | Found an ancient bone altar of Kikubaaqudgha.
  4785 | D:4      | Found a shimmering altar of Xom.
  4785 | D:4      | Found an iron altar of Okawaru.
  4785 | D:4      | Found a bloodstained altar of Trog.
  4867 | D:4      | Noticed Sigmund
  4907 | D:4      | Mangled by Sigmund

Skill      XL: |  1  2  3  4  5  6  7  8 |
---------------+-------------------------+-----
Dodging        | 2 3 4 |  4.1
Axes           | 3 4 5 |  5.0
Armour         | 3 4 5 |  5.4
Fighting       | 4 5 6 |  6.0

Action                   |  1- 3 |  4- 6 |  7- 9 || total
-------------------------+-------+-------+-------++-------
Melee: Hand axe          |   105 |   266 |   141 ||   512
Invok: Berserk           |       |     4 |     1 ||     5
       Trog's Hand       |       |     1 |       ||     1
 Stab: Distracted        |     1 |       |       ||     1
       Sleeping          |       |     1 |       ||     1
  Eat: Chunk             |     1 |    12 |     4 ||    17
Armor: Animal skin       |    46 |    26 |       ||    72
       Chain mail        |       |   173 |    75 ||   248
Dodge: Dodged            |    81 |   172 |    45 ||   298
